[Event "FishPartners Open 2018"]
[Site "Spakenburg"]
[Date "2018.07.07"]
[Round "1"]
[White "Nijboer, Friso"]
[Black "Heuveling, Gijs-Cor"]
[Result "1-0"]
[ECO "B00"]
[WhiteElo "2495"]
[BlackElo "1943"]
[Annotator "ChessBase"]
[PlyCount "59"]
[EventDate "2018.07.07"]
[EventType "swiss"]
[EventCountry "NED"]
[SourceTitle "playchess.com"]
[Source "ChessBase"]
[SourceQuality "1"]
[TimeControl "1500"]

1. e4 d6 2. d4 c6 3. f4 g6 4. Nf3 Bg7 5. Bd3 Bg4 6. c3 Nd7 7. Nbd2 Qc7 8. O-O Bh6 9. h3 Bxf3 10. Nxf3 O-O-O 11. Qb3 e6 12. a4 Qb6 13. Qc2 f5 14. a5 Qc7 15. exf5 exf5 16. b4 a6 17. Ng5 Bxg5 18. fxg5 h6 19. c4 hxg5 20. Bxg5 Ngf6 21. Rac1 Rde8 22. b5 Qxa5 23. bxc6 bxc6 24. c5 dxc5 25. Ra1 Qb4 26. Bxa6+ Kd8 27. Ra4 Qb6 28. dxc5 Qc7 29. Rd4 Rh5 30. Bxf6+ 1-0

[Event "FishPartners Open 2018"]
[Site "Spakenburg"]
[Date "2018.07.07"]
[Round "1"]
[White "Beerdsen, Thomas"]
[Black "Cardon, Emile"]
[Result "1-0"]
[ECO "B50"]
[WhiteElo "2469"]
[BlackElo "1957"]
[Annotator "ChessBase"]
[PlyCount "55"]
[EventDate "2018.07.07"]
[EventType "swiss"]
[EventCountry "NED"]
[SourceTitle "playchess.com"]
[Source "ChessBase"]
[SourceQuality "1"]
[TimeControl "1500"]

1. e4 c5 2. Nf3 d6 3. c3 Nf6 4. h3 Nc6 5. Bd3 e6 6. O-O Be7 7. Re1 O-O 8. Bc2 Qc7 9. d4 cxd4 10. cxd4 e5 11. Nc3 a6 12. Bg5 Nxd4 13. Nxd4 exd4 14. Qxd4 Be6 15. Rac1 h6 16. Nd5 Bxd5 17. exd5 Qd8 18. Bh4 g5 19. Bg3 Rc8 20. h4 Rc5 21. hxg5 hxg5 22. Qe3 Nxd5 23. Qe4 f5 24. Qe2 Bf6 25. Qe6+ Kg7 26. Qxf5 Rh8 27. Qg6+ Kf8 28. Bxd6+ 1-0

[Event "FishPartners Open 2018"]
[Site "Spakenburg"]
[Date "2018.07.07"]
[Round "1"]
[White "Bosboom, Manuel"]
[Black "De Witte, Wiebe"]
[Result "1-0"]
[ECO "A15"]
[WhiteElo "2403"]
[BlackElo "1800"]
[Annotator "ChessBase"]
[PlyCount "75"]
[EventDate "2018.07.07"]
[EventType "swiss"]
[EventCountry "NED"]
[SourceTitle "playchess.com"]
[Source "ChessBase"]
[SourceQuality "1"]
[TimeControl "1500"]

1. c4 Nf6 2. Nf3 d6 3. e3 g6 4. b3 Bg7 5. Bb2 O-O 6. Qc2 c5 7. a3 Bf5 8. d3 Nc6 9. Nbd2 Qc7 10. Be2 a6 11. h3 b5 12. g4 Bd7 13. Rg1 bxc4 14. dxc4 Rab8 15. g5 Ne8 16. Bxg7 Nxg7 17. h4 Qa5 18. Qb2 Bf5 19. Nh2 Ne5 20. f4 Nd3+ 21. Bxd3 Bxd3 22. Kf2 Bf5 23. Nhf3 Rb7 24. Rgc1 Rfb8 25. Qc3 Qc7 26. Ra2 Qc6 27. Rb2 Be4 28. Rd1 Nf5 29. Nh2 Nxh4 30. Ng4 Nf5 31. Nxe4 Qxe4 32. Rd5 f6 33. gxf6 e6 34. Rxf5 exf5 35. Nh6+ Kf8 36. f7 Ke7 37. Qg7 Rf8 38. Ng8+ {Rfb8} 1-0

[Event "FishPartners Open 2018"]
[Site "Spakenburg"]
[Date "2018.07.07"]
[Round "1"]
[White "Uneken, Bert"]
[Black "Tasc, R30 (computer)"]
[Result "0-1"]
[ECO "D27"]
[WhiteElo "1804"]
[BlackElo "2380"]
[Annotator "ChessBase"]
[PlyCount "60"]
[EventDate "2018.07.07"]
[EventType "swiss"]
[EventCountry "NED"]
[SourceTitle "playchess.com"]
[Source "ChessBase"]
[SourceQuality "1"]
[TimeControl "1500"]

1. d4 d5 2. c4 dxc4 3. e3 e6 4. Bxc4 c5 5. Nf3 Nf6 6. O-O a6 7. a4 Nc6 8. Nc3 Qc7 9. Re1 Be7 10. e4 Ng4 11. d5 Nd4 12. g3 O-O 13. Bf4 e5 14. Bc1 Nf6 15. Qd3 Bg4 16. Nd2 Rfd8 17. f3 Bh5 18. Ne2 Bg6 19. Nxd4 cxd4 20. Ba2 Nxd5 21. Bxd5 Rxd5 22. Qb3 Rc5 23. Qa2 Rc2 24. Qb3 a5 25. Nf1 Ra6 26. Bd2 Rb6 27. Qd5 Rbxb2 28. Bxa5 Rg2+ 29. Kh1 Rxh2+ 30. Nxh2 Qc2 0-1

[Event "FishPartners Open 2018"]
[Site "Spakenburg"]
[Date "2018.07.07"]
[Round "1"]
[White "Van Pel, Gerben"]
[Black "Lai, Hing Ting"]
[Result "0-1"]
[ECO "B06"]
[WhiteElo "1802"]
[BlackElo "2447"]
[Annotator "ChessBase"]
[PlyCount "38"]
[EventDate "2018.07.07"]
[EventType "swiss"]
[EventCountry "NED"]
[SourceTitle "playchess.com"]
[Source "ChessBase"]
[SourceQuality "1"]
[TimeControl "1500"]

1. e4 d6 2. d4 g6 3. Nc3 Bg7 4. Be3 a6 5. Qd2 b5 6. a3 Bb7 7. O-O-O Nd7 8. f4 Rc8 9. Nf3 c5 10. e5 Nh6 11. dxc5 Nxc5 12. exd6 O-O 13. Bxc5 Rxc5 14. Qe3 exd6 15. Ne4 Qe7 16. Re1 Ng4 17. Qd3 Bxe4 18. Rxe4 Qf6 19. Qd4 Qxd4 0-1

[Event "FishPartners Open 2018"]
[Site "Spakenburg"]
[Date "2018.07.07"]
[Round "1"]
[White "Reichardt, Thomas"]
[Black "Van Foreest, Lucas"]
[Result "0-1"]
[ECO "C47"]
[WhiteElo "1789"]
[BlackElo "2488"]
[Annotator "ChessBase"]
[PlyCount "70"]
[EventDate "2018.07.07"]
[EventType "swiss"]
[EventCountry "NED"]
[SourceTitle "playchess.com"]
[Source "ChessBase"]
[SourceQuality "1"]
[TimeControl "1500"]

1. e4 e5 2. Nf3 Nc6 3. Bc4 Nf6 4. Nc3 Nxe4 5. Nxe4 d5 6. Bxd5 Qxd5 7. Nc3 Qa5 8. h3 Bf5 9. d3 Be7 10. O-O O-O 11. Be3 Rad8 12. a3 Nd4 13. Bxd4 exd4 14. Ne2 Qb6 15. Ng3 Be6 16. Qc1 c5 17. Re1 Rfe8 18. Ne4 Bd5 19. b3 f5 20. Ng3 Bxf3 21. gxf3 Qf6 22. Qf4 g6 23. Re2 Bd6 24. Qd2 Qh4 25. Kg2 Bf4 26. Qe1 Kf7 27. b4 Rxe2 28. Qxe2 Re8 29. Qf1 Qe7 30. Rb1 h5 31. bxc5 h4 32. Nh1 Qg5+ 33. Ng3 hxg3 34. fxg3 Qxg3+ 35. Kh1 Qh2# 0-1

[Event "FishPartners Open 2018"]
[Site "Spakenburg"]
[Date "2018.07.07"]
[Round "2"]
[White "Van Foreest, Lucas"]
[Black "Kazarian, Anna-Maja"]
[Result "1-0"]
[ECO "B13"]
[WhiteElo "2488"]
[BlackElo "2150"]
[Annotator "ChessBase"]
[PlyCount "171"]
[EventDate "2018.07.07"]
[EventType "swiss"]
[EventCountry "NED"]
[SourceTitle "playchess.com"]
[Source "ChessBase"]
[SourceQuality "1"]
[TimeControl "1500"]

1. e4 c6 2. d4 d5 3. exd5 cxd5 4. Bd3 Nc6 5. c3 Nf6 6. Bf4 e6 7. Nf3 Bd6 8. Bxd6 Qxd6 9. O-O O-O 10. Re1 Re8 11. Nbd2 e5 12. dxe5 Nxe5 13. Nxe5 Rxe5 14. Rxe5 Qxe5 15. Nf3 Qd6 16. Nd4 Bd7 17. h3 Re8 18. Qb3 b6 19. a4 Qf4 20. Qc2 Re5 21. Qc1 Qxc1+ 22. Rxc1 a5 23. Bc2 Ne8 24. Rd1 Nc7 25. Kf1 Kf8 26. Bb3 Ke7 27. Rd2 Kd6 28. Ne2 Bc6 29. Nd4 Bd7 30. f3 Bc8 31. Kf2 g5 32. h4 h6 33. hxg5 hxg5 34. Bc2 Ne6 35. Nf5+ Kc5 36. Nd4 Kd6 37. Nb5+ Kc5 38. Bd3 Bd7 39. Bf1 Bxb5 40. Bxb5 d4 41. Rc2 Kd6 42. Rd2 Kc5 43. Rc2 Kd6 44. Bc4 dxc3 45. Rxc3 f6 46. Bb5 Nd4 47. Bd3 Ne6 48. Bc4 Nd4 49. Bf1 Ne6 50. Rb3 Kc7 51. Bb5 Nd4 52. Rc3+ Kd6 53. Bc4 Nf5 54. Rc1 Nd4 55. Bd3 Ne6 56. b3 Nd4 57. Bc4 Kc5 58. Rd1 Re8 59. Rd2 Re5 60. Bf7 Re7 61. Bc4 Re5 62. Rd1 Re7 63. Rh1 f5 64. Rh6 Rg7 65. Rf6 f4 66. Rf8 Rg6 67. Rd8 Rd6 68. Rg8 Kb4 69. Rxg5 Nxb3 70. Bb5 Rd2+ 71. Kg1 Nd4 72. Be8 Rd1+ 73. Kh2 Ne2 74. Rb5+ Ka3 75. Rxb6 Ng3 76. Kh3 Rd8 77. Bb5 Rg8 78. Rf6 Rh8+ 79. Kg4 Rg8+ 80. Kh4 Rh8+ 81. Kg5 Rh2 82. Rxf4 Rxg2 83. Rg4 Rg1 84. Kg6 Kb3 85. f4 Kc3 86. f5 1-0

[Event "FishPartners Open 2018"]
[Site "Spakenburg"]
[Date "2018.07.07"]
[Round "2"]
[White "Lai, Hing Ting"]
[Black "Van Brummelen, Kevin"]
[Result "1-0"]
[ECO "A41"]
[WhiteElo "2447"]
[BlackElo "2136"]
[Annotator "NA"]
[PlyCount "71"]
[EventDate "2018.07.07"]
[EventType "swiss"]
[EventCountry "NED"]
[SourceTitle "playchess.com"]
[Source "ChessBase"]
[SourceQuality "1"]
[TimeControl "1500"]

1. d4 d6 2. Nf3 g6 3. g3 Bg7 4. Bg2 Nf6 5. O-O O-O 6. c4 c6 7. Nc3 Nbd7 8. e4 e5 9. Re1 Re8 10. h3 exd4 11. Nxd4 Ne5 {[%emt 0:00:03] E69: Königsindisch (Hauptvariante des g3-Systems mit e2-e4 und h2-h3)} (11... a5 12. b3 h6 13. Bf4 Nc5 14. Qc2 Nh7 15. Rad1 Ng5 16. Kh2 Qb6 17. Bxd6 Bxh3 18. f4 Rad8 19. e5 Bg4 20. fxg5 Bxd1 21. Qxd1 hxg5 {0-1 (53) L'Ami,E (2611)-Markus,R (2662) Baku 2016}) 12. b3 Ned7 13. Be3 Nc5 14. Qc2 Ne6 15. Nde2 $146 ({Vorgänger:} 15. Kh2 Nxd4 16. Bxd4 Be6 17. f4 Re7 18. Rad1 Qc7 19. Rd2 a6 20. Qb2 Ne8 {½-½ (20) Karl,S (1274)-Marzisch,D (1499) Willingen 2016}) 15... Qc7 16. Rad1 Bd7 17. Rd2 Rad8 18. Red1 Bc8 19. f4 b6 20. g4 Nf8 21. Ng3 d5 22. e5 Nxg4 23. hxg4 Bxg4 24. cxd5 Bxd1 25. Qxd1 cxd5 26. Nxd5 Qb8 27. Ne4 Kh8 28. Ng5 Kg8 29. Ne7+ Rxe7 30. Rxd8 Qc7 31. Qd6 Qc3 $18 (31... Qxd6 $142 32. Rxd6 Bh6) 32. Bd2 Qc5+ 33. Qxc5 bxc5 34. Be3 Rd7 35. Rxd7 Nxd7 36. Bd5 1-0

[Event "FishPartners Open 2018"]
[Site "Spakenburg"]
[Date "2018.07.07"]
[Round "2"]
[White "Tasc, R30 (computer)"]
[Black "Van Twillert, Laurents"]
[Result "1-0"]
[ECO "A11"]
[WhiteElo "2380"]
[BlackElo "2097"]
[Annotator "NA"]
[PlyCount "79"]
[EventDate "2018.07.07"]
[EventType "swiss"]
[EventCountry "NED"]
[SourceTitle "playchess.com"]
[Source "ChessBase"]
[SourceQuality "1"]
[TimeControl "1500"]

1. c4 c6 2. e4 e5 3. d4 exd4 {[%emt 0:00:10] B10: Caro-Kann: 2 d3 and 2 c4} 4. Qxd4 Qf6 5. Nf3 Bb4+ 6. Bd2 Qxd4 7. Nxd4 Bxd2+ 8. Nxd2 d6 9. Be2 $146 ({Predecessor:} 9. O-O-O Ne7 10. g3 Na6 11. Bg2 {½-½ (21) Nalbandian,T (2440)-Belikov,V (2520) Moscow 1998}) 9... Nf6 10. g4 O-O 11. g5 Ne8 12. O-O-O Na6 13. Rhg1 Nac7 14. Rg3 Ne6 15. Nf5 Nf4 16. Bg4 Ng6 17. f4 f6 18. Rf1 fxg5 19. fxg5 Kh8 20. Bh5 Bxf5 21. Rxf5 Nc7 22. Bxg6 hxg6 23. Rxf8+ Rxf8 24. Rd3 $16 Ne8 25. c5 dxc5 26. Rd7 b6 27. Rxa7 Nd6 28. Rc7 Rc8 29. Rd7 Nb5 30. Rb7 Ra8 31. a3 Ra6 32. Nc4 Nd4 33. Nxb6 Ne6 34. Rb8+ Kh7 35. h4 Ra7 36. Nc4 Nf4 37. Kc2 Ng2 38. Rc8 Ra6 39. Ne5 Nxh4 40. Nf7 1-0

[Event "FishPartners Open 2018"]
[Site "Spakenburg"]
[Date "2018.07.07"]
[Round "2"]
[White "Dekker, Andries"]
[Black "Nijboer, Friso"]
[Result "0-1"]
[ECO "A87"]
[WhiteElo "2152"]
[BlackElo "2495"]
[Annotator "ChessBase"]
[PlyCount "66"]
[EventDate "2018.07.07"]
[EventType "swiss"]
[EventCountry "NED"]
[SourceTitle "playchess.com"]
[Source "ChessBase"]
[SourceQuality "1"]
[TimeControl "1500"]

1. d4 f5 2. c4 Nf6 3. g3 g6 4. Bg2 Bg7 5. Nf3 O-O 6. O-O d6 7. Nc3 e6 8. Qc2 Nc6 9. Rd1 Qe7 10. e4 e5 11. dxe5 dxe5 12. Bg5 fxe4 13. Nxe4 Bf5 14. Nh4 Nd4 15. Qa4 Bg4 16. Rd2 c6 17. c5 Qe6 18. Re1 b5 19. Qa3 Qd7 20. Nxf6+ Rxf6 21. Bxf6 Bxf6 22. Qe3 Rd8 23. f3 Bh3 24. Rf2 Bxg2 25. Nxg2 Qd5 26. b4 Qc4 27. f4 Nf5 28. Qb3 e4 29. Rxe4 Bd4 30. Qxc4+ bxc4 31. g4 c3 32. gxf5 c2 33. Kf1 c1=Q+ 0-1

[Event "FishPartners Open 2018"]
[Site "Spakenburg"]
[Date "2018.07.07"]
[Round "2"]
[White "De Graaf, Dick"]
[Black "Beerdsen, Thomas"]
[Result "0-1"]
[ECO "B33"]
[WhiteElo "2111"]
[BlackElo "2469"]
[Annotator "ChessBase"]
[PlyCount "88"]
[EventDate "2018.07.07"]
[EventType "swiss"]
[EventCountry "NED"]
[SourceTitle "playchess.com"]
[Source "ChessBase"]
[SourceQuality "1"]
[TimeControl "1500"]

1. e4 c5 2. Nf3 Nc6 3. d4 cxd4 4. Nxd4 Nf6 5. Nc3 h5 6. Nxc6 bxc6 7. Bd3 g6 8. O-O Bg7 9. h3 O-O 10. f4 d5 11. e5 Nd7 12. e6 Nc5 13. exf7+ Kxf7 14. f5 Nxd3 15. fxg6+ Kg8 16. Qxd3 Rxf1+ 17. Qxf1 Qe8 18. Qf3 Qxg6 19. Bf4 e5 20. Bh2 e4 21. Qf4 Bxh3 22. Bg3 Rf8 23. Qd6 Rf6 24. Qb8+ Kh7 25. gxh3 h4 26. Rf1 Rxf1+ 27. Kxf1 hxg3 28. Kg2 e3 29. Qxg3 Qxc2+ 30. Kf3 Qf5+ 31. Ke2 Bxc3 32. bxc3 Qc2+ 33. Kf3 Qxc3 34. Qh4+ Kg6 35. Qg4+ Kf6 36. Qd7 e2+ 37. Kxe2 Qc2+ 38. Ke1 Qb1+ 39. Kf2 Qxa2+ 40. Kg3 Qb3+ 41. Kh4 Qc4+ 42. Kh5 Qe2+ 43. Kh6 Qe3+ 44. Kh7 Qe7+ 0-1

[Event "FishPartners Open 2018"]
[Site "Spakenburg"]
[Date "2018.07.07"]
[Round "3"]
[White "Nijboer, Friso"]
[Black "Tasc, R30 (computer)"]
[Result "1/2-1/2"]
[ECO "A08"]
[WhiteElo "2495"]
[BlackElo "2380"]
[Annotator "ChessBase"]
[PlyCount "77"]
[EventDate "2018.07.07"]
[EventType "swiss"]
[EventCountry "NED"]
[SourceTitle "playchess.com"]
[Source "ChessBase"]
[SourceQuality "1"]
[TimeControl "1500"]

1. e4 e6 2. d3 c5 3. Nf3 Nc6 4. g3 d5 5. Nbd2 Nf6 6. Bg2 Be7 7. O-O O-O 8. Re1 b5 9. c3 Bb7 10. e5 Nd7 11. d4 Qc7 12. Nf1 cxd4 13. cxd4 Rfc8 14. h4 Nb4 15. Ne3 Nc2 16. Nxc2 Qxc2 17. Bf1 Qxd1 18. Rxd1 b4 19. Be3 Nb6 20. b3 Rc3 21. Rac1 Rac8 22. Ne1 f6 23. exf6 gxf6 24. Bd2 Rxc1 25. Rxc1 Rxc1 26. Bxc1 e5 27. Nd3 Bd6 28. Bb2 e4 29. Nc5 Bc8 30. Be2 Kf7 31. Bc1 Nd7 32. Nxd7 Bxd7 33. Kg2 a5 34. Be3 Kg6 35. Kg1 Bc7 36. Kg2 h5 37. Kg1 Bb8 38. Kg2 Bd6 39. Kg1 1/2-1/2

[Event "FishPartners Open 2018"]
[Site "Spakenburg"]
[Date "2018.07.07"]
[Round "3"]
[White "Bosboom, Manuel"]
[Black "Timman, Jan"]
[Result "1/2-1/2"]
[ECO "A01"]
[WhiteElo "2403"]
[BlackElo "2555"]
[Annotator "ChessBase"]
[PlyCount "111"]
[EventDate "2018.07.07"]
[EventType "swiss"]
[EventCountry "NED"]
[SourceTitle "playchess.com"]
[Source "ChessBase"]
[SourceQuality "1"]
[TimeControl "1500"]

1. c4 e5 2. b3 Nf6 3. Bb2 Nc6 4. e3 d5 5. cxd5 Nxd5 6. a3 Bd6 7. Qc2 O-O 8. Nf3 Kh8 9. h4 Qe7 10. Bc4 Nb6 11. Ng5 f5 12. Nc3 Nxc4 13. bxc4 Be6 14. Nd5 Bxd5 15. cxd5 Nd8 16. g4 Qd7 17. gxf5 Qxf5 18. Qxf5 Rxf5 19. Ke2 h6 20. Ne4 Nf7 21. a4 Rd8 22. Rac1 Rd7 23. Rhg1 Bf8 24. Rg6 Rh5 25. Rh1 Kh7 26. Re6 Rf5 27. Ng3 Rf6 28. Ne4 Rf5 29. Ng3 Rf6 30. e4 Bc5 31. Nf5 Nd6 32. Bxe5 Rxf5 33. exf5 Nxf5 34. Kd3 Ne7 35. Ke4 Nxd5 36. f4 c6 37. h5 a5 38. Rh3 Bb4 39. Rg3 Rf7 40. Rg2 Nb6 41. f5 Nxa4 42. f6 Nc5+ 43. Kf5 Nxe6 44. Kxe6 Kg8 45. fxg7 a4 46. Rg4 Re7+ 47. Kf6 Rxe5 48. Rxb4 Rd5 49. Rxb7 Rd6+ 50. Kf5 Rxd2 51. Ra7 Rd5+ 52. Kg6 Rd6+ 53. Kf5 a3 54. Ke5 Rd8 55. Kf6 Rd6+ 56. Ke5 1/2-1/2

[Event "FishPartners Open 2018"]
[Site "Spakenburg"]
[Date "2018.07.07"]
[Round "3"]
[White "Van der Wiel, John T H"]
[Black "Van Foreest, Lucas"]
[Result "0-1"]
[ECO "C67"]
[WhiteElo "2389"]
[BlackElo "2488"]
[Annotator "ChessBase"]
[PlyCount "76"]
[EventDate "2018.07.07"]
[EventType "swiss"]
[EventCountry "NED"]
[SourceTitle "playchess.com"]
[Source "ChessBase"]
[SourceQuality "1"]
[TimeControl "1500"]

1. e4 e5 2. Nf3 Nc6 3. Bb5 Nf6 4. O-O Nxe4 5. d4 Nd6 6. Bxc6 dxc6 7. dxe5 Nf5 8. Qxd8+ Kxd8 9. b3 b6 10. Rd1+ Ke8 11. Ba3 Bxa3 12. Nxa3 a5 13. Nd4 Nxd4 14. Rxd4 Be6 15. Rad1 Ke7 16. Nc4 a4 17. Ne3 axb3 18. axb3 g5 19. b4 Ra3 20. g4 Re8 21. Kg2 Rc3 22. R4d3 Rxd3 23. Rxd3 Kf8 24. Kg3 Ra8 25. h4 h6 26. Rc3 c5 27. bxc5 b5 28. Nf5 gxh4+ 29. Kxh4 Ra4 30. Nxh6 Re4 31. Re3 Rc4 32. c3 Kg7 33. Kg5 Rxc5 34. Nf5+ Kf8 35. f4 Rd5 36. Rh3 Ke8 37. Ne3 Rc5 38. f5 Bb3 0-1

[Event "FishPartners Open 2018"]
[Site "Spakenburg"]
[Date "2018.07.07"]
[Round "3"]
[White "Vedder, Henk"]
[Black "Bohm, Hans"]
[Result "0-1"]
[ECO "B01"]
[WhiteElo "2333"]
[BlackElo "2307"]
[Annotator "NA"]
[PlyCount "142"]
[EventDate "2018.07.07"]
[EventType "swiss"]
[EventCountry "NED"]
[SourceTitle "playchess.com"]
[Source "ChessBase"]
[SourceQuality "1"]
[TimeControl "1500"]

1. e4 d5 2. exd5 Qxd5 3. Nf3 Nf6 4. d4 Bg4 5. Be2 e6 6. O-O c6 7. c4 Qd8 8. Nc3 Be7 9. Bf4 O-O 10. h3 Bh5 11. Qb3 Qb6 12. Rad1 Qxb3 13. axb3 Nbd7 14. Rfe1 Bb4 15. Ne5 Bxe2 16. Rxe2 Rfd8 17. Nd3 Bf8 18. Ra1 a6 19. Be3 Bd6 20. g4 e5 21. dxe5 Nxe5 22. Nxe5 Bxe5 23. Bb6 Re8 24. Rd2 h5 25. f3 Bf4 26. Rd3 Re7 27. Bd8 Rd7 28. Rxd7 Nxd7 29. Bh4 Nc5 30. Bf2 Nxb3 31. Rd1 Nd2 32. Kg2 Nxc4 33. Rd7 b5 34. b3 Ne5 35. Rb7 a5 36. Bd4 hxg4 37. hxg4 a4 38. bxa4 bxa4 39. Ne2 Ng6 40. Rb2 Be5 41. Ra2 Nf4+ 42. Nxf4 Bxd4 43. Kf1 a3 44. Ke2 Bb2 45. Nd3 Rb8 46. Kd2 Kh7 47. Kc2 Rb5 48. f4 Kh6 49. Kd2 g5 50. f5 Kg7 51. Nf2 Rb4 52. Kd3 Rf4 53. Ke2 Kf6 54. Nd3 Rxg4 55. Kf3 Rh4 56. Nxb2 axb2 57. Rxb2 Kxf5 58. Rc2 Rh3+ 59. Kg2 Ra3 60. Rxc6 f6 61. Kf2 g4 62. Rc5+ Kf4 63. Rc4+ Kg5 64. Rc8 f5 65. Kg2 Ra2+ 66. Kf1 Kh4 67. Rf8 Kg5 68. Rc8 g3 69. Rg8+ Kf4 70. Rc8 Kf3 71. Rc3+ Kg4 0-1

[Event "FishPartners Open 2018"]
[Site "Spakenburg"]
[Date "2018.07.07"]
[Round "3"]
[White "Ree, Hans"]
[Black "Vedder, Richard"]
[Result "1-0"]
[ECO "A25"]
[WhiteElo "2303"]
[BlackElo "2284"]
[Annotator "NA"]
[PlyCount "87"]
[EventDate "2018.07.07"]
[EventType "swiss"]
[EventCountry "NED"]
[SourceTitle "playchess.com"]
[Source "ChessBase"]
[SourceQuality "1"]
[TimeControl "1500"]

1. c4 e5 2. Nc3 Nc6 3. g3 g6 4. Bg2 Bg7 5. e3 Nge7 6. Nge2 O-O 7. d3 d6 8. b3 Be6 9. Ba3 Qd7 10. h3 Rfd8 11. Nd5 Re8 12. Rc1 Nd8 13. g4 c6 14. Ndc3 f5 15. g5 f4 16. exf4 exf4 17. Ne4 Nf5 18. h4 d5 19. cxd5 cxd5 20. Nc5 Qf7 21. Bf3 Nd4 22. Nxd4 Bxd4 23. Kf1 Bf5 24. Qd2 Nc6 25. Kg2 Ne5 26. b4 Nxf3 27. Kxf3 Be3 28. fxe3 fxe3 29. Qh2 Bxd3+ 30. Qf4 Be2+ 31. Kg3 Qxf4+ 32. Kxf4 Re7 33. Bb2 b6 34. Nb3 Re4+ 35. Kg3 Rg4+ 36. Kh3 Re8 37. Nd4 Ree4 38. Nxe2 Rxh4+ 39. Kg2 Rhg4+ 40. Kf3 Rxg5 41. Rc8+ Kf7 42. Rxh7+ Ke6 43. Rc6+ Kf5 44. Rf7# 1-0

[Event "FishPartners Open 2018"]
[Site "Spakenburg"]
[Date "2018.07.07"]
[Round "4"]
[White "Tasc, R30 (computer)"]
[Black "Bosboom, Manuel"]
[Result "0-1"]
[ECO "B06"]
[WhiteElo "2380"]
[BlackElo "2403"]
[Annotator "NA"]
[PlyCount "150"]
[EventDate "2018.07.07"]
[EventType "swiss"]
[EventCountry "NED"]
[SourceTitle "playchess.com"]
[Source "ChessBase"]
[SourceQuality "1"]
[TimeControl "1500"]

1. d4 g6 2. e4 Bg7 3. Nc3 c6 4. Nf3 d5 5. exd5 cxd5 6. Bb5+ Bd7 7. Qd3 Nf6 8. Bf4 a6 9. Bxd7+ Nbxd7 10. O-O O-O 11. Rfe1 Rc8 12. a4 Nb6 13. a5 Nc4 14. b3 Nxa5 15. h3 Nc6 16. Bg3 e6 17. Qd2 Ne8 18. Kh1 Nd6 19. Bh2 Nf5 20. Ne2 Qb6 21. Red1 Rfd8 22. c3 Nd6 23. Bxd6 Rxd6 24. c4 Qb4 25. Qxb4 Nxb4 26. c5 Rdd8 27. Kh2 f6 28. Ra4 Nc6 29. Nf4 Kf7 30. Raa1 Na7 31. g3 Nb5 32. Kg2 Rc6 33. h4 Nc3 34. Rdc1 Ne4 35. Nd3 Rc7 36. g4 h6 37. Ra2 g5 38. Rh1 Kg6 39. Re2 Re7 40. hxg5 hxg5 41. Ra2 Nc3 42. Rc2 Nb5 43. Rcc1 e5 44. dxe5 fxe5 45. Nb4 e4 46. Ng1 a5 47. Nc2 d4 48. Rd1 Rc8 49. b4 axb4 50. Nxb4 Nc3 51. Re1 Rxc5 52. Ne2 d3 53. Nxc3 Bxc3 54. Rb1 Rf7 55. Rhd1 Rf4 56. Kg3 Be5 57. Rf1 d2 58. Rfd1 Rc3+ 59. Kg2 Rxg4+ 60. Kf1 Bf4 61. Nd5 Rc2 62. Rxb7 Rh4 63. Ke2 Rh2 64. Rb4 Kf5 65. Rb6 Rc1 66. Nxf4 Rxd1 67. Kxd1 gxf4 68. Rb5+ Kg4 69. Kxd2 Rxf2+ 70. Kc3 Kf3 71. Rb1 e3 72. Re1 Ke4 73. Rb1 Ra2 74. Rb4+ Kf3 75. Rb1 Kf2 0-1

[Event "FishPartners Open 2018"]
[Site "Spakenburg"]
[Date "2018.07.07"]
[Round "4"]
[White "Peelen, Piet"]
[Black "De Kraker, Johnny"]
[Result "1-0"]
[ECO "E94"]
[WhiteElo "2336"]
[BlackElo "1942"]
[Annotator "NA"]
[PlyCount "63"]
[EventDate "2018.07.07"]
[EventType "swiss"]
[EventCountry "NED"]
[SourceTitle "playchess.com"]
[Source "ChessBase"]
[SourceQuality "1"]
[TimeControl "1500"]

1. d4 Nf6 2. c4 g6 3. Nc3 Bg7 4. e4 d6 5. Be2 O-O 6. Nf3 e5 7. O-O exd4 8. Nxd4 Re8 9. f3 Nc6 10. Be3 Nh5 11. Nxc6 bxc6 12. Qd2 c5 13. Rfd1 Be6 14. Rac1 Qb8 15. b3 Qb4 16. Nb5 Qxd2 17. Bxd2 Re7 18. Ba5 Rc8 19. g3 f5 20. exf5 Bxf5 21. Bd3 Bxd3 22. Rxd3 a6 23. Nc3 Bd4+ 24. Kf1 Nf6 25. Re1 Rce8 26. Rxe7 Rxe7 27. Ne2 Re3 28. Rxe3 Bxe3 29. Bxc7 Ne8 30. Bd8 Kf7 31. Nc3 Bd4 32. Ne4 1-0

[Event "FishPartners Open 2018"]
[Site "Spakenburg"]
[Date "2018.07.07"]
[Round "4"]
[White "Van de Griendt, Jan Willem"]
[Black "Grutter, Tim"]
[Result "0-1"]
[ECO "E81"]
[WhiteElo "2335"]
[BlackElo "1971"]
[Annotator "NA"]
[PlyCount "49"]
[EventDate "2018.07.07"]
[EventType "swiss"]
[EventCountry "NED"]
[SourceTitle "playchess.com"]
[Source "ChessBase"]
[SourceQuality "1"]
[TimeControl "1500"]

1. d4 Nf6 2. c4 g6 3. Nc3 Bg7 4. e4 d6 5. f3 O-O 6. Bg5 h6 7. Be3 Nbd7 8. Nh3 c5 9. d5 Ne8 10. Qd2 Kh7 11. Nf2 e6 12. Be2 exd5 13. cxd5 Rb8 14. a4 a6 15. O-O Nc7 16. Rab1 b5 17. axb5 axb5 18. b4 Qf6 19. Rfc1 h5 20. f4 Re8 21. bxc5 Nxc5 22. e5 Qe7 23. Bxc5 dxc5 24. d6 Qd7 25. dxc7 0-1

[Event "FishPartners Open 2018"]
[Site "Spakenburg"]
[Date "2018.07.07"]
[Round "4"]
[White "Bohm, Hans"]
[Black "Beerdsen, Thomas"]
[Result "1/2-1/2"]
[ECO "A40"]
[WhiteElo "2307"]
[BlackElo "2469"]
[Annotator "ChessBase"]
[PlyCount "112"]
[EventDate "2018.07.07"]
[EventType "swiss"]
[EventCountry "NED"]
[SourceTitle "playchess.com"]
[Source "ChessBase"]
[SourceQuality "1"]
[TimeControl "1500"]

1. d4 e6 2. Nf3 c5 3. c3 Nf6 4. Bg5 Nc6 5. e3 h6 6. Bh4 d5 7. Nbd2 Bd6 8. Bd3 O-O 9. O-O e5 10. dxe5 Nxe5 11. Nxe5 Bxe5 12. Nf3 Bc7 13. Qc2 Bg4 14. Bf5 Qd6 15. Bg3 Qe7 16. Bxg4 Bxg3 17. hxg3 Nxg4 18. Qf5 Qe6 19. Qh5 g6 20. Qh4 Kg7 21. Rad1 g5 22. Nxg5 hxg5 23. Qxg5+ Qg6 24. Rxd5 Rh8 25. f3 Nf6 26. Rxc5 Rh5 27. Qxg6+ Kxg6 28. Rxh5 Nxh5 29. g4 Nf6 30. Rd1 Re8 31. Kf2 Re6 32. e4 Rb6 33. Rd2 a5 34. b3 a4 35. e5 axb3 36. axb3 Nxg4+ 37. fxg4 Rxb3 38. Rd3 Kg5 39. Rf3 Kxg4 40. Ke2 Kg5 41. Kd3 Kg6 42. Ke4 Rb6 43. Rg3+ Kh7 44. Kf5 Rc6 45. Rd3 Kg7 46. g4 b5 47. Rd7 Kf8 48. Rb7 Rxc3 49. Rxb5 Rf3+ 50. Kg5 Kg7 51. Rb6 Re3 52. Kf5 Rf3+ 53. Ke4 Rf1 54. e6 fxe6 55. Rxe6 Re1+ 56. Kf5 Rxe6 1/2-1/2

[Event "FishPartners Open 2018"]
[Site "Spakenburg"]
[Date "2018.07.07"]
[Round "4"]
[White "Ree, Hans"]
[Black "Nijboer, Friso"]
[Result "0-1"]
[ECO "A16"]
[WhiteElo "2303"]
[BlackElo "2495"]
[Annotator "ChessBase"]
[PlyCount "92"]
[EventDate "2018.07.07"]
[EventType "swiss"]
[EventCountry "NED"]
[SourceTitle "playchess.com"]
[Source "ChessBase"]
[SourceQuality "1"]
[TimeControl "1500"]

1. c4 Nf6 2. Nc3 g6 3. e4 d6 4. d4 Bg7 5. Bd3 O-O 6. Nge2 c5 7. d5 e6 8. O-O exd5 9. exd5 Ng4 10. f4 f5 11. h3 Nh6 12. Kh1 Nd7 13. Ng1 Nf6 14. Nf3 Nf7 15. Re1 Bd7 16. Bd2 a6 17. a4 Nh5 18. Kh2 Re8 19. Qc2 Qf6 20. a5 h6 21. Ne2 Rab8 22. Bc3 Qd8 23. g3 Bxc3 24. Nxc3 Qf6 25. Rxe8+ Rxe8 26. Re1 Rxe1 27. Nxe1 Qd8 28. Ng2 Qxa5 29. g4 Ng7 30. Nh4 Qd8 31. Nxg6 fxg4 32. Ne4 Bf5 33. Qc3 Bxe4 34. Bxe4 gxh3 35. Qxh3 b5 36. b3 bxc4 37. bxc4 a5 38. Bc2 h5 39. Qe3 Nh6 40. Ne7+ Kf7 41. Nc6 Ng4+ 42. Kg3 Nxe3 43. Nxd8+ Ke8 44. Nb7 Nxc2 45. Nxd6+ Ke7 46. Nb5 Nf5+ 0-1